 Dungeon Crawl Stone Soup version 0.19.0 (webtiles) character file.

843 CanadianGator the Cutter (level 8, -1/48 HPs)
             Began as a Kobold Berserker on Nov 21, 2016.
             Was a Priest of Trog.
             Slain by a sky beast (6 damage)
             ... on level 5 of the Dungeon.
             The game lasted 00:14:49 (4004 turns).

CanadianGator the Cutter (Kobold Berserker)         Turns: 4004, Time: 00:14:49

Health: -1/48      AC: 12    Str: 14    XL:     8   Next: 20%
Magic:  8/8        EV: 19    Int:  8    God:    Trog [***...]
Gold:   214        SH:  0    Dex: 17    Spells: 0 memorised, 7 levels left

rFire  + . .     SeeInvis .     k - +2 dagger (protect)
rCold  . . .     Gourm    .     w - +0 robe {MR+}
rNeg   . . .     Faith    .     (shield restricted)
rPois  .         Spirit   .     u - +0 helmet
rElec  .         Reflect  .     (no cloak)
rCorr  .         Harm     .     b - +0 pair of gloves
MR     +....                    l - +0 pair of boots
Stlth  +++.......               (no amulet)
                                j - ring of protection from fire
                                x - ring of flight

@: protection aura
A: carnivore 3
a: Berserk, Trog's Hand, Burn Spellbooks, Renounce Religion, Evoke Flight


You were on level 5 of the Dungeon.
You worshipped Trog.
Trog was most pleased with you.
You were very full.

You visited 1 branch of the dungeon, and saw 5 of its levels.

You collected 214 gold pieces.

Inventory:

Hand Weapons
 a - a +0 short sword
 k - a +2 dagger of protection (weapon)
Missiles
 y - 25 bolts
Armour
 b - a +0 pair of gloves (worn)
 l - a +0 pair of boots (worn)
 o - a +0 leather armour
 u - a +0 helmet (worn)
 w - a +0 robe of magic resistance (worn)
 A - the +1 leather armour "Koammosao" {rPois rF+ Stlth-}
   (You found it on level 4 of the Dungeon)

   It protects you from fire.
   It protects you from poison.
   It makes you less stealthy.
Jewellery
 j - a ring of protection from fire (right hand)
 x - a ring of flight (left hand)
Scrolls
 f - a scroll of random uselessness {unknown}
 i - 3 scrolls of teleportation
 q - 2 scrolls of noise {unknown}
 r - a scroll of fear
 v - a scroll of immolation {unknown}
 B - a scroll of blinking {unknown}
 C - a scroll of enchant armour {unknown}
Potions
 d - a potion of brilliance
 e - a potion of heal wounds
 h - a potion of invisibility
 m - 2 potions of curing {unknown}
 n - a potion of flight {unknown}
 p - 2 potions of ambrosia {unknown}
 s - a potion of lignification {unknown}
 t - a potion of degeneration {unknown}
 z - a potion of haste {unknown}
Comestibles
 c - a meat ration
 g - 2 beef jerkies


   Skills:
 + Level 4.4 Fighting
 * Level 7.2 Short Blades
 + Level 3.1 Armour
 * Level 6.1 Dodging
 + Level 4.7 Stealth


You had 7 spell levels left.
You didn't know any spells.

Dungeon Overview and Level Annotations

Branches:
Dungeon (5/15)
 Temple: D:4-7

Altars:
Elyvilon


Innate Abilities, Weirdness & Mutations

You are small and have problems with some larger weapons.
You are carnivorous and can eat meat at any time.


Message History

The sky beast is almost dead.
The sky beast closely misses you.
You hit the sky beast but do no damage.
The sky beast is almost dead.
The quokka skeleton closely misses you.
You hit the sky beast.
The sky beast is almost dead.
The sky beast flickers out of sight!
Deactivating autopickup; reactivate with Ctrl-A.
Something hits you but does no damage. The quokka skeleton closely misses you.
You barely miss something. Something hits you. Something shocks you.
You barely miss something.
The quokka skeleton bites you but does no damage.
You closely miss something. Something hits you. Something shocks you.
* * * LOW HITPOINT WARNING * * *
The quokka skeleton bites you but does no damage.
You hit something but do no damage. Something hits you.
* * * LOW HITPOINT WARNING * * *
Something shocks you.
You die...

#+#######
#......<#
#..######
#..# #@.#
#..{Z.?.#
#.......#
#.......#
#.......#
#......?#
##+#....#
....#


You could see a quokka skeleton.

Vanquished Creatures
  Sigmund (D:2)
  The ghost of PrincessPwny the Skirmisher, an amateur DsFi (D:4)
  2 ogres (D:4)
  2 orc priests (D:4)
  Jessica (D:2)
  Ijyb (D:2)
  An iguana (D:4)
  An orc wizard (D:4)
  A worker ant (D:4)
  10 adders
  A shadow imp (D:4)
  2 oozes
  3 worms
  A dart slug (D:1)
  7 leopard geckos
  11 orcs (D:4)
  2 ball pythons
  10 bats
  8 giant cockroaches
  8 goblins
  5 hobgoblins
  5 jackals
  6 kobolds
  A frilled lizard (D:1)
  A jackal skeleton (D:4)
  2 rats
94 creatures vanquished.

Notes
Turn   | Place    | Note
-------+----------+-------------------------------------------
     0 | D:1      | CanadianGator the Kobold Berserker began the quest for the Orb.
     0 | D:1      | Reached XP level 1. HP: 14/14 MP: 1/1
   129 | D:1      | Reached XP level 2. HP: 17/19 MP: 2/2
   237 | D:1      | Reached skill level 1 in Stealth
   447 | D:1      | Reached XP level 3. HP: 23/23 MP: 3/3
   872 | D:2      | Noticed Ijyb
   876 | D:2      | Noticed Jessica
   888 | D:2      | Killed Ijyb
   888 | D:2      | Reached XP level 4. HP: 28/28 MP: 4/4
   944 | D:2      | Noticed Sigmund
   957 | D:2      | Killed Sigmund
   957 | D:2      | Reached skill level 5 in Short Blades
   957 | D:2      | Reached XP level 5. HP: 33/33 MP: 5/5
   957 | D:2      | Reached XP level 6. HP: 38/38 MP: 6/6
  1063 | D:2      | Killed Jessica
  1087 | D:2      | Found a white marble altar of Elyvilon.
  1338 | D:2      | Reached ** piety under Trog
  2206 | D:3      | Reached skill level 6 in Short Blades
  2603 | D:4      | Noticed an ogre
  2610 | D:4      | Killed an ogre
  2610 | D:4      | Reached skill level 5 in Dodging
  2610 | D:4      | Reached XP level 7. HP: 22/43 MP: 7/7
  2938 | D:4      | Reached *** piety under Trog
  3074 | D:4      | Noticed PrincessPwny's ghost (amateur DsFi)
  3101 | D:4      | Killed PrincessPwny's ghost
  3414 | D:4      | Reached skill level 7 in Short Blades
  3414 | D:4      | Reached XP level 8. HP: 48/48 MP: 8/8
  3440 | D:4      | Got an ancient leather armour
  3452 | D:4      | Identified the +1 leather armour "Koammosao" {rPois rF+ Stlth-} (You found it on level 4 of the Dungeon)
  3952 | D:5      | Entered Level 5 of the Dungeon
  4004 | D:5      | Slain by a sky beast

Skill      XL: |  1  2  3  4  5  6  7  8 |
---------------+-------------------------+-----
Stealth        | 1 2 3 4 |  4.7
Dodging        | 3 4 5 6 |  6.1
Short Blades   | 5 6 7 |  7.2
Armour         | 2 3 |  3.1
Fighting       | 4 |  4.4

Action                   |  1- 3 |  4- 6 |  7- 9 || total
-------------------------+-------+-------+-------++-------
Melee: Short sword       |    46 |       |       ||    46
       Dagger            |    46 |   193 |   189 ||   428
Invok: Berserk           |     1 |     1 |     3 ||     5
       Burn Spellbooks   |       |     1 |       ||     1
  Use: Scroll            |       |     8 |     2 ||    10
       Potion            |       |       |     2 ||     2
 Stab: Sleeping          |       |     6 |     5 ||    11
  Eat: Chunk             |     7 |     6 |     9 ||    22
Armor: Ring mail         |    35 |    10 |       ||    45
       Leather armour    |       |    35 |    14 ||    49
       Robe              |       |       |    20 ||    20
Dodge: Dodged            |    61 |   110 |   101 ||   272
